 Dungeon Crawl Stone Soup version 0.28-a0-494-ge2d2658822 (webtiles) character file.

Game seed: 1087665131875472042

393 Gwenloh the Cleaver (level 6, -2/51 HPs)
             Began as a Hill Orc Fighter on Sept 19, 2021.
             Was an Initiate of Wu Jian.
             Killed from afar by a steam dragon (7 damage)
             ... with a ball of steam
             ... on level 4 of the Dungeon.
             The game lasted 00:07:35 (2893 turns).

Gwenloh the Cleaver (Hill Orc Fighter)              Turns: 2893, Time: 00:07:36

Health: -2/51      AC:  8    Str: 16 (19) XL:     6   Next: 81%
Magic:  6/6        EV:  9    Int:  6 (8)  God:    Wu Jian [......]
Gold:   156        SH:  4    Dex:  9 (12) Spells: 5/5 levels left

rFire   . . .      SeeInvis .   a - +0 war axe
rCold   . . .      Faith    .   c - +0 buckler
rNeg    . . .      Spirit   .   b - +0 scale mail
rPois   .          Reflect  .   (no helmet)
rElec   .          Harm     .   e - +0 cloak {Stlth+}
rCorr   .          Rampage  .   (no gloves)
Will    .....                   (no boots)
Stlth   +.........              (no amulet)
HPRegen 0.17/turn               (no ring)
MPRegen 0.10/turn               (no ring)

@: no status effects
A: no striking features
a: Renounce Religion


You were on level 4 of the Dungeon.
You worshipped Wu Jian.
Wu Jian was noncommittal.
You visited 1 branch of the dungeon, and saw 4 of its levels.

You collected 156 gold pieces.

Inventory:

Hand Weapons
 a - a +0 war axe (weapon)
 p - a +1 trident of protection
Missiles
 f - 30 poisoned darts (quivered)
 h - 65 sling bullets
 l - 45 bolts
 n - 45 stones
Armour
 b - a +0 scale mail (worn)
 c - a +0 buckler (worn)
 e - a +0 cloak of stealth (worn)
Jewellery
 u - a +6 ring of dexterity
Wands
 w - a wand of charming (5)
Scrolls
 d - a scroll of teleportation {unknown}
 g - a scroll of silence {unknown}
 i - a scroll of amnesia {unknown}
 j - 9 scrolls of identify {unknown}
 o - a scroll of immolation {unknown}
 t - a scroll of magic mapping {unknown}
Potions
 k - a potion of magic {unknown}
 m - a potion of degeneration
 q - a potion of invisibility {unknown}
 r - a potion of heal wounds
 s - a potion of curing {unknown}
 v - a potion of berserk rage {unknown}


   Skills:
 - Level 3.6 Fighting
 + Level 8.9 Axes
 - Level 3.2 Armour
 - Level 4.0 Shields


You had 5 spell levels left.
You didn't know any spells.
Your spell library contained the following spells:

 Spells                   Type           Power      Damage    Failure   Level
 Magic Dart               Conj           0%         1d3       87%         1
 Call Imp                 Summ           0%         N/A       95%         2
 Corpse Rot               Necr/Air       N/A        N/A       95%         2
 Poisonous Vapours        Pois/Air       0%         N/A       95%         2
 Mephitic Cloud           Conj/Pois/Air  0%         N/A       99%         3


Dungeon Overview and Level Annotations

Branches:
Dungeon (4/15)             Temple (0/1) D:4

Altars:
Uskayaw
Wu Jian

Shops:
D:2 *


Message History

The steam dragon bites you. The steam dragon closely misses you.
You barely miss the steam dragon.
The steam dragon is heavily wounded.
The steam dragon barely misses you. The steam dragon claws you.
You slash the steam dragon!
The steam dragon is severely wounded.
The steam dragon barely misses you.
The steam dragon claws you but does no damage.
You completely miss the steam dragon.
The steam dragon is severely wounded.
The steam dragon breathes steam at you. The ball of steam hits you!
You hit the steam dragon but do no damage.
The steam dragon is severely wounded.
You are engulfed in a cloud of scalding steam.
You block the steam dragon's attack. The steam dragon claws you.
You hit the steam dragon but do no damage.
The steam dragon is severely wounded.
You are engulfed in a cloud of scalding steam.
The steam dragon bites you but does no damage.
The steam dragon claws you but does no damage.
You hit the steam dragon but do no damage.
The steam dragon is severely wounded.
You are engulfed in a cloud of scalding steam.
* * * LOW HITPOINT WARNING * * *
The steam dragon bites you but does no damage.
The steam dragon misses you.
You hit the steam dragon.
The steam dragon is almost dead.
The steam dragon bites you!
* * * LOW HITPOINT WARNING * * *
The steam dragon claws you but does no damage.
The steam dragon bites you.
* * * LOW HITPOINT WARNING * * *
The steam dragon barely misses you.
You closely miss the steam dragon.
The steam dragon is severely wounded.
The steam dragon breathes steam at you. The ball of steam hits you!
You die...

#............#
#............#
#............#
#............#
#............#
####+#######'#
......###....#
......#......#
.....ZD@.....#
......#......#
..... #......#
.... #......#
... ########
##


You could see a steam dragon (catching breath) and a hound skeleton.

Vanquished Creatures
  Sigmund (D:2)
  An ogre (D:4)
  3 orc wizards
  2 adders
  An adder skeleton (D:4)
  A dart slug (D:2)
  11 orcs
  5 ball pythons
  3 endoplasms
  A giant cockroach (D:1)
  3 goblins
  4 hobgoblins
  3 jackals (D:1)
  5 kobolds
  A quokka (D:3)
  3 bats
  3 frilled lizards
  5 rats
56 creatures vanquished.

Notes
Turn   | Place    | Note
-------+----------+-------------------------------------------
     0 | D:1      | Gwenloh the Hill Orc Fighter began the quest for the Orb.
     0 | D:1      | Reached XP level 1. HP: 19/19 MP: 1/1
    48 | D:1      | Reached skill level 3 in Axes
   103 | D:1      | Reached XP level 2. HP: 26/26 MP: 2/2
   164 | D:1      | Reached skill level 4 in Axes
   792 | D:2      | Reached XP level 3. HP: 31/31 MP: 3/3
   803 | D:2      | Found Koafab's Assorted Antiques.
   861 | D:2      | Noticed Sigmund
   881 | D:2      | Killed Sigmund
   882 | D:2      | Reached skill level 7 in Axes
   882 | D:2      | Reached XP level 4. HP: 31/39 MP: 4/4
   882 | D:2      | Reached XP level 5. HP: 36/45 MP: 5/5
  1110 | D:2      | Found a faded altar of an unknown god.
  1582 | D:3      | Reached XP level 6. HP: 26/51 MP: 6/6
  1752 | D:3      | Found a hide-covered altar of Uskayaw.
  2130 | D:3      | Reached skill level 8 in Axes
  2299 | D:3      | Found an ornate altar of the Wu Jian Council.
  2456 | D:3      | Became a worshipper of the Wu Jian Council
  2526 | D:4      | Found a staircase to the Ecumenical Temple.
  2722 | D:4      | Found Ofuas's Antique Armour Boutique.
  2875 | D:4      | Noticed a steam dragon
  2893 | D:4      | Killed from afar by a steam dragon

Illustrated notes

Levels and vault maps discovered:
D:1:      sevenhm_arrival_forest_fort_small_3, layout_loops_cross,
          kennysheep_flooded_box
D:2:      layout_rooms, ebering_ecumenical_altar_rust, serial_shops,
          nicolae_diamond_shop, minmay_strange_pillars, uniq_sigmund
D:3:      layout_basic, nicolae_wu_jian_immortal_techniques,
          nicolae_uskayaw_murder_on_the_dancefloor
D:4:      layout_gridville, temple_green, serial_shops, shop_statue,
          minivault_4, hex_medium

Skill      XL: |  1  2  3  4  5  6 |
---------------+-------------------+-----
Axes           | 3 4 7 8 |  8.9
Shields        | 4 |  4.0
Fighting       | |  3.6
Armour         | |  3.2

Action                   |  1- 3 |  4- 6 || total
-------------------------+-------+-------++-------
Melee: War axe           |    53 |    99 ||   152
Throw: Dart              |    13 |    31 ||    44
Invok: Lunge             |       |     4 ||     4
  Use: Potion            |     1 |     2 ||     3
Armor: Scale mail        |    12 |    41 ||    53
Dodge: Dodged            |    20 |    31 ||    51
Block: Buckler           |    11 |    17 ||    28

Table legend: (Time is in decaauts)
 A = Elapsed time spent in this place.
 B = Non-inter-level travel time spent in this place.
 C = Inter-level travel time spent in this place.
 D = Time resting spent in this place.
 E = Time spent auto-exploring this place.
 F = Levels seen in this place.
 G = Mean time per level.
                   A        B        C        D        E       F      G
               +--------+--------+--------+--------+--------+-----+--------+
         Total |   2919 |   2775 |    144 |      4 |   2200 |   4 |  729.8 |
       Dungeon |   2919 |   2775 |    144 |      4 |   2200 |   4 |  729.8 |
               +--------+--------+--------+--------+--------+-----+--------+

Top non-repeatable levels by time:
     D:3: 968 daAuts
     D:2: 838 daAuts
     D:1: 711 daAuts
     D:4: 401 daAuts
